 Dungeon Crawl Stone Soup version 0.29.1-2-gbd0b4ee654 (webtiles) character file.

Game seed: 5442045614621718044

128 KittyFluff the Cudgeller (level 5, -19/33 HPs)
             Began as a Gargoyle Berserker on Nov 1, 2022.
             Was a Believer of Trog.
             Demolished by an ogre
             ... wielding a +0 giant club
              (28 damage)
             ... on level 3 of the Dungeon.
             The game lasted 00:12:01 (2472 turns).

KittyFluff the Cudgeller (Gargoyle Berserker)       Turns: 2472, Time: 00:12:02

Health: -19/33     AC:  7    Str: 21    XL:     5   Next: 11%
Magic:  5/5        EV: 12    Int:  7    God:    Trog [**....]
Gold:   94         SH:  0    Dex: 11    Spells: 4/4 levels left

rFire   . . .      SeeInvis +   a - +0 mace
rCold   . . .      Faith    .   (no shield)
rNeg    + . .      Spirit   .   b - +0 animal skin
rPois   ∞          Reflect  .   (no helmet)
rElec   +          Harm     .   (no cloak)
rCorr   .          Rampage  .   (no gloves)
Will    .....                   m - +0 pair of boots
Stlth   +.........              (no amulet)
HPRegen 0.11/turn               g - ring of see invisible
MPRegen 0.09/turn               (no ring)

@: on berserk cooldown, slowed, very slow
A: sickness immunity, AC +4, negative energy resistance 1, electricity
resistance, torment resistance 1, petrification resistance
a: Renounce Religion, Berserk, Trog's Hand


You were on level 3 of the Dungeon.
You worshipped Trog.
Trog was pleased with you.
You visited 1 branch of the dungeon, and saw 3 of its levels.

You collected 94 gold pieces.

Inventory:

Hand Weapons
 a - a +0 mace (weapon)
Missiles
 q - a boomerang (quivered)
Armour
 b - a +0 animal skin (worn)
 m - a +0 pair of boots (worn)
Magical Staves
 d - a staff of earth
Jewellery
 g - a ring of see invisible (left hand)
 k - a ring of fire
 n - the ring of the Empire {Ice rN+ Slay+2}
   (You found it on level 2 of the Dungeon)

   [ring of ice]

   It enhances your ice magic.
   Slay:      It affects your accuracy & damage with ranged weapons and melee
   (+2).
   rF:        It makes you vulnerable to fire.
   rC:        It protects you from cold.
   rN:        It protects you from negative energy.
Scrolls
 f - 2 scrolls of identify {unknown}
 i - a scroll of teleportation {unknown}
 j - a scroll of immolation {unknown}
 l - a scroll of fear {unknown}
Potions
 c - a potion of degeneration {unknown}
 e - 2 potions of haste {unknown}
 h - 2 potions of curing {unknown}
 o - 2 potions of attraction {unknown}
 p - a potion of berserk rage {unknown}


   Skills:
 + Level 3.9 Fighting
 + Level 4.2 Maces & Flails
 * Level 3.3 Armour
 + Level 2.3 Dodging
 + Level 0.2 Stealth


You had 4 spell levels left.
You didn't know any spells.
Your spell library was empty.

Dungeon Overview and Level Annotations

Branches:
Dungeon (3/15)

Altars:
Yredelemnul
The Shining One


Innate Abilities, Weirdness & Mutations

You are immune to sickness and miasma.
Your stone body is resilient. (AC +4)
You are immune to poison.
You resist negative energy. (rN+)
You are resistant to electric shocks. (rElec)
You are resistant to unholy torment.
You are immune to petrification.


Message History

A red film seems to cover your vision as you go berserk!
You feel yourself moving faster!
You feel mighty!
You feel a strong urge to attack something.
You closely miss the orc. The orc hits you but does no damage. x3
You hit the orc.
The orc is heavily wounded.
The orc hits you with a +0 mace. The orc closely misses you.
The orc completely misses you.
You sock the orc!
You kill the orc!
Trog accepts your kill. The orc hits you but does no damage.
The orc barely misses you.
Things that are here:
a +0 dagger; a +0 falchion; a +0 ring mail You feel a strong urge to attack something.
The orc closely misses you. The orc hits you with a +0 mace.
* * * LOW HITPOINT WARNING * * *
You sock the orc!
You kill the orc!
Trog accepts your kill. The orc barely misses you.
Things that are here:
a +0 mace; an orc corpse You sock the orc!
You kill the orc!
Trog accepts your kill.
An ogre comes into view. It is wielding a +0 giant club.
You are no longer berserk.
You are exhausted.
You feel yourself slow down.
The ogre shouts!
An ogre is nearby!
You hit the ogre.
The ogre is lightly wounded.
The ogre closely misses you.
You hit the ogre.
The ogre is moderately wounded.
The ogre hits you with a +0 giant club!!
Ouch! That really hurt!
You die...

#######..# .........#
.......))# #######.##
#.)# ##.##
##########...##########
###§.§.§.#.O.#.○.○.§###
#A#._..).'.@.'...._.#A#
###§.§.§.#...#.○.○.§###
##########...##########
##############.#######
#.....................
#.################.###
#.# #<# ###


You could see an ogre.

Vanquished Creatures
  6 adders (D:2)
  2 dart slugs (D:2)
  5 orcs (D:3)
  4 ball pythons
  4 endoplasms
  A giant cockroach (D:1)
  7 goblins
  5 hobgoblins
  4 jackals (D:2)
  8 kobolds
  11 bats
  2 frilled lizards (D:1)
  6 rats
65 creatures vanquished.

Vanquished Creatures (others)
  18 plants
18 creatures vanquished.

Grand Total: 83 creatures vanquished

Notes
Turn   | Place    | Note
-------+----------+-------------------------------------------
     0 | D:1      | KittyFluff the Gargoyle Berserker began the quest for the
                  | Orb.
     0 | D:1      | Reached XP level 1. HP: 14/14 MP: 1/1
    27 | D:1      | Reached XP level 2. HP: 5/19 MP: 2/2
   371 | D:1      | Found a faded altar of an unknown god.
   847 | D:1      | Reached XP level 3. HP: 19/23 MP: 3/3
  1682 | D:2      | Identified the ring of the Empire {Ice rN+ Slay+2}
  1834 | D:2      | Reached XP level 4. HP: 19/29 MP: 4/4
  1840 | D:2      | Reached ** piety under Trog
  2039 | D:2      | Reached skill level 4 in Maces & Flails
  2388 | D:3      | Reached XP level 5. HP: 31/33 MP: 5/5
  2413 | D:3      | Found a glowing golden altar of the Shining One.
  2415 | D:3      | Noticed an angel
  2425 | D:3      | Found a basalt altar of Yredelemnul.
  2427 | D:3      | Noticed a profane servitor
  2464 | D:3      | Noticed an ogre
  2472 | D:3      | Demolished by an ogre

Illustrated notes

Levels and vault maps discovered:
D:1:      dpeg_arrival_radiant, layout_rooms,
          shapermc_ecumenical_altar_notcrosses
D:2:      minmay_razor_zed, layout_loops_ring, corexii_shack
D:3:      layout_basic, nicolae_sif_muna_condensation,
          nicolae_hepliaklqana_hazy_memory, grunt_temple_overflow_holy_war

Skill      XL: |  1  2  3  4 |
---------------+-------------+-----
Dodging        | 2 |  2.3
Armour         | 3 |  3.3
Maces & Flails | 4 |  4.2
Fighting       | |  3.9
Stealth        | |  0.2

Action                   |  1- 3 |  4- 6 || total
-------------------------+-------+-------++-------
Melee: Mace              |   122 |    90 ||   212
       Punch             |       |     1 ||     1
Invok: Berserk           |     2 |     1 ||     3
 Stab: Sleeping          |       |     1 ||     1
Armor: Animal skin       |    59 |    40 ||    99
Dodge: Dodged            |   102 |    81 ||   183
